Map: Ultralove

Players

MafusalemRex

  • Race: Protoss Protoss
  • League: Master
  • Spawn Location: 7:00

ManlyManMeat - Winner!

  • Race: Protoss Protoss
  • League: Master
  • Spawn Location: 1:00

VOD

Have the link to the VOD?

Description

Time

  • Played on: June 14, 2025, 2:50 p.m.
  • Length: 8:40
Show
View Real Time Build Order
Export as new Build Order

MafusalemRex Protoss 

Build Orders: Oracle Opening 

Get SALT Encoding   

  12  0:01  Probe  
  13  0:13  Probe  
  14  0:20  Pylon  
  14  0:33  Probe  
  15  0:39  Forge  
  15  0:48  Gateway  
  15  1:00  Probe  
  16  1:18  Photon Cannon  
  15  1:20  Gateway  
  15  1:25  Assimilator  
  15  1:28  Zealot  
  15  1:29  Probe  
  15  1:30  Assimilator  
  18  1:51  Zealot  
  18  1:56  Cybernetics Core  
  20  2:18  Photon Cannon  
  20  2:20  Probe  
  20  2:24  Pylon  
  20  2:29  Probe  
  22  2:38  Probe  
  23  2:45  Stargate  
  23  2:50  Probe  
  24  2:57  Photon Cannon  
  24  3:02  Shield Battery  
  24  3:06  Probe  
  25  3:19  Oracle  
  21  3:30  Robotics Facility  
  24  3:38  Protoss Ground Weapons Level 1  
  24  3:54  Photon Cannon  
  24  4:03  Pylon  
  24  4:07  Immortal  
  28  4:23  Pylon  
  26  4:50  Immortal  
  20  5:32  Immortal  
  21  6:14  Shield Battery  
  21  6:32  Immortal  
Show
View Real Time Build Order
Export as new Build Order

ManlyManMeat Protoss - Winner!

Build Orders:  

Get SALT Encoding   

  12  0:00  Probe  
  13  0:12  Probe  
  14  0:22  Pylon  
  14  0:26  Probe  
  15  0:36  Probe  
  16  0:43  Gateway  
  16  0:44  Probe  
  16  0:47  Assimilator  
  17  1:06  Probe  
  19  1:18  Probe  
  19  1:30  Gateway  
  19  1:31  Cybernetics Core  
  19  1:33  Probe  
  20  1:56  Stalker  
  20  1:58  Nexus  
  20  1:59  Warp Gate  
  20  2:01  Probe  
  23  2:15  Shield Battery  
  23  2:23  Pylon  
  23  2:28  Probe  
  23  2:38  Stalker  
  23  2:41  Probe, Stalker  
  28  2:53  Probe  
  29  3:05  Stalker  
  29  3:07  Pylon  
  31  3:15  Probe  
  31  3:19  Probe  
  33  3:24  Stalker  
  35  3:31  Probe x2  
  35  3:33  Pylon  
  37  3:40  Assimilator  
  37  3:43  Probe  
  37  3:44  Assimilator  
  38  3:49  Robotics Facility  
  38  3:55  Probe x2  
  40  4:03  Probe, Stalker  
  40  4:07  Probe  
  44  4:13  Stalker  
  44  4:54  Probe x2  
  44  5:06  Probe  
  41  5:10  Stalker x2  
  41  5:13  Immortal  
  47  5:15  Gateway  
  41  5:34  Stalker x2  
  44  5:40  Probe  
  44  5:41  Probe  
  44  5:48  Immortal, Probe  
  51  5:59  Pylon  
  51  6:01  Phoenix  
  51  6:04  Pylon  
  51  6:05  Twilight Council  
  51  6:06  Phoenix  
  51  6:15  Probe x2  
  53  6:21  Sentry  
  55  6:37  Stalker x2  
  55  6:46  Zealot  
  57  6:53  Immortal  
Tags
 
Matchup
PvP
Replay Pack
Multiplayer
Spawn Locations
Cross Positions
Add a new tag
Caveats
  • Supply blocks, unpowered buildings, or Contaminate may cause inaccurate times.
  • Supply counts are checked every 10 seconds.